[Event "*** SCC Grand Prix: Titled Tuesday Blitz"]
[Site "Chess.com"]
[Date "2020.06.02"]
[Round "8"]
[White "awesomevishesh"]
[Black "gurelediz"]
[Result "0-1"]
[WhiteElo "2446"]
[BlackElo "2602"]
[TimeControl "180+1"]
[EndTime "11:39:01 PDT"]
[Termination "gurelediz won by checkmate"]

1. d4 Nf6 2. c4 g6 3. Nc3 d5 4. cxd5 Nxd5 5. e4 Nxc3 6. bxc3 Bg7 7. Bc4 O-O 8. Ne2 c5 9. O-O Nc6 10. Be3 Na5 11. Bd3 b6 12. h4 Bb7 13. h5 Rc8 14. Rc1 Qd7 15. Qd2 Rfd8 16. f3 Qa4 17. d5 e6 18. c4 exd5 19. exd5 Re8 20. Nc3 Qd7 21. Bf2 Ba6 22. Ne4 Nb7 23. Bg3 Rcd8 24. Rfe1 h6 25. hxg6 fxg6 26. Bh4 g5 27. Bf2 Nd6 28. Ng3 Bc8 29.
Bg6 Rf8 30. Nh5 g4 31. f4 Nf5 32. Qd3 Bd4 33. Bxd4 Nxd4 34. Re5 Qd6 35. Rce1 Rd7 36. R5e3 Ba6 37. f5 b5 38. cxb5 Bxb5 39. Qd2 Nxf5 40.
Re6 Qc7 41. d6 Qc6 42. Qf4 Ng7 43. Qxg4 Nxe6 44. Qxe6+ Kh8 45. Qe5+ Kg8 46. Qe6+ Kh8 47. Be4 Qxd6 48. Qg4 Qd4+ 49. Kh2 Qe5+ 50. Kh1 Qe7 51. Qg6 Rd6 52. Qg4 Bd3 53. Re3 Bxe4 54. Rxe4 Rf1+ 55.
Kh2 Qf7 56. Qh4 Rf5 57. Ng3 Rg5 58. Qh3 Rd7 59. Qxh6+ Qh7 60. Re8+ Rg8 61. Rxg8+ Kxg8 62. Nf5 Qxh6+ 63. Nxh6+ Kg7 64. Nf5+ Kf6 65. Ne3 Ke5 66. Nc4+ Kd4 67. Na5 c4 68. g4 c3 69. Nb3+ Kd3 70. g5 c2 71. Kg3 Kc3 72. g6 Kb2 73. Kg4 c1=Q 74. Nxc1 Kxc1 75. Kf5 Kb2 76. a4 Ka3 77. a5 Ka4 78. a6 Ka5 79. Ke6 Rg7 80. Kf6 Rxg6+ 81. Kxg6 Kxa6 82. Kf5 Kb5 83. Ke4 Kc4 84. Ke3 Kc3 85. Ke2 Kc2 86. Ke3 a5 87. Kd4 a4 88. Kc4 a3 89. Kb4 a2 90. Ka3 a1=Q+ 91. Kb4 Qa6 92. Kc5 Kc3 93. Kd5 Qf6 94. Kc5 Qe6 95. Kb5 Qd6 96. Ka5 Kc4 97. Ka4 Qa6# 0-1

[Event "*** SCC Grand Prix: Titled Tuesday Blitz"]
[Site "Chess.com"]
[Date "2020.06.02"]
[Round "8"]
[White "Jospem"]
[Black "vinniethepooh"]
[Result "1-0"]
[WhiteElo "2865"]
[BlackElo "2587"]
[TimeControl "180+1"]
[EndTime "11:39:02 PDT"]
[Termination "Jospem won by resignation"]

1. c4 Nf6 2. g3 e5 3. Bg2 d5 4. cxd5 Nxd5 5. Nc3 Nb6 6. e3 Nc6 7. Nge2 Be7 8. O-O O-O 9. f4 f6 10. f5 Bd7 11. d4 Be8 12. d5 Nb4 13. a3 Na6 14. b4 Bd6 15. Ne4 Bf7 16. N2c3 Nb8 17. Ra2 N8d7 18. g4 Qe7 19. h4 a5 20. b5 Nc5 21.
Bf3 Nxe4 22. Bxe4 Kh8 23. Kh1 Rad8 24. Rg1 g5 25. Rh2 Rg8 26. Qb3 gxh4 27. Rxh4 Rg5 28. Rg2 Rdg8 29. Nd1 Be8 30. Nf2 a4 31. Qd3 Qd7 32. Bf3 Qxb5 33. Qxb5 Bxb5 34. Ne4 Nd7 35. Nxg5 Rxg5 36. e4 Rg7 37. g5 fxg5 38. Bxg5 Bxa3 39. f6 Rf7 40. Bh5 Rxf6 41. Bxf6+ Nxf6 42. Bg6 Be7 43.
Bf5 a3 44. Rh6 Bd3 45. Rh3 Bxe4 46. Bxe4 Nxe4 47. Re3 Nf6 48. Rxe5 Bd6 49. Re6 Nd7 50. Re8+ Nf8 51. Kg1 h5 52. Kf1 Kh7 53. Re4 Ng6 54. Rf2 Kh6 55. Kg2 Kg5 56. Ra4 Nf4+ 57. Kf3 Nd3 58.
Rg2+ Kf5 59. Ke3 Nb2 60. Ra8 Ke5 61. Rg5+ Kf6 62. Rxh5 Nc4+ 63. Kd3 Nb6 64. Ra7 Nd7 65. Rh6+ Ke5 66. Rh1 Nc5+ 67. Kc3 Kxd5 68. Kb4 Ne4+ 69. Kb3 b5 70. Rc1 Ke5 71. Ra5 Nc5+ 72. Ka2 c6 73. Rxa3 Ne4 74. Re3 Kd5 75. Rd3+ Ke5 76. Rxc6 Bc5 77.
Kb3 Bd4 78. Rd1 Nc5+ 79. Kb4 Ne4 80. Rdc1 Be3 81. R1c2 Bd4 82. Kxb5 Nd6+ 83. Ka6 Kd5 84. Rc7 Ne4 85. Rd7+ Ke5 86. Rd8 Nc5+ 87. Kb5 Ne6 88. Re2+ Kf5 89. Rxe6 1-0

[Event "*** SCC Grand Prix: Titled Tuesday Blitz"]
[Site "Chess.com"]
[Date "2020.06.02"]
[Round "8"]
[White "rpragchess"]
[Black "Goryachkina"]
[Result "1-0"]
[WhiteElo "2866"]
[BlackElo "2651"]
[TimeControl "180+1"]
[EndTime "11:39:36 PDT"]
[Termination "rpragchess won on time"]

1. e4 e6 2. d3 d5 3. Qe2 dxe4 4. dxe4 e5 5. Nf3 Nc6 6. c3 a5 7. Qc2 Bc5 8. Bb5 Qe7 9. Nbd2 Bxf2+ 10. Kf1 Ba7 11.
Nc4 Bd7 12. Bxc6 Bxc6 13. Ncxe5 Nf6 14. Nxc6 bxc6 15. Bg5 h6 16. Bxf6 Qxf6 17. Ke2 O-O 18. Rhe1 Rfe8 19. Kf1 g5 20. e5 Qe6 21. h3 Rab8 22. b3 a4 23. c4 a3 24. g4 Bc5 25.
Kg2 Rbd8 26. Rad1 Kg7 27. Qf5 Bb4 28. Rf1 Qxf5 29. gxf5 Rxd1 30. Rxd1 Bc3 31. e6 fxe6 32. Rd3 Bb4 33. Rd7+ Kf6 34. fxe6 Rxe6 35. Nd4 Re4 36. Nxc6 Bd6 37. Kf3 Re1 38. b4 Rf1+ 39. Ke4 Re1+ 40. Kd3 Rd1+ 41. Kc2 Rh1 42. c5 Bf4 43. Rd3 Rh2+ 44.
Kb3 Bc1 45. Rd1 Bb2 46. Na5 Rxh3+ 47. Ka4 Rf3 48. b5 Kg6 49. b6 cxb6 50. cxb6 g4 51. b7 Be5 52. Nc6 Bh2 53. Rd2 Bc7 54. Rd7 Bh2 55.
Rd2 Bc7 56. Rd7 Bh2 57. Re7 Rf8 58. Kb5 g3 59. Re2 Bg1 60. b8=Q Rxb8+ 61. Nxb8 Bf2 62. Nd7 g2 63. Ne5+ Kh7 64. Nf3 g1=Q 65. Nxg1 Bxg1 66.
Rg2 Be3 67. Kc4 Bc1 68. Kd3 Bb2 69. Ke4 Bc1 70. Kf5 Bb2 71. Rc2 h5 72. Kg5 Kg7 73. Rc7+ Kf8 74. Kxh5 Ke8 75. Rh7 Kd8 76. Kg6 Kc8 77.
Kf5 Kd8 78. Ke6 Kc8 79. Rd7 Kb8 80. Kd6 Kc8 81. Kc6 Kb8 82. Rc7 Bc1 83. Rb7+ Kc8 84. Rd7 Kb8 85. Rd8+ Ka7 86. Rc8 Bb2 87. Re8 Bc1 88.
Re2 Bb2 89. Kc7 Ka6 90. Kc6 Ka7 91. Re4 Kb8 92. Ra4 1-0

[Event "*** SCC Grand Prix: Titled Tuesday Blitz"]
[Site "Chess.com"]
[Date "2020.06.02"]
[Round "8"]
[White "SHIVACalypso"]
[Black "chessplayer9919"]
[Result "1/2-1/2"]
[WhiteElo "2327"]
[BlackElo "2509"]
[TimeControl "180+1"]
[EndTime "11:39:42 PDT"]
[Termination "Game drawn by 50-move rule"]

1. Nf3 d5 2. c4 d4 3. e3 Nc6 4. exd4 Nxd4 5. Nxd4 Qxd4 6. Nc3 c6 7. d3 e5 8. Be3 Qd8 9. d4 exd4 10. Qxd4 Qxd4 11.
Bxd4 Nf6 12. Be2 Be7 13. O-O Be6 14. Rfe1 O-O 15. Rad1 Rfd8 16. Be3 Bb4 17. Bg5 h6 18. Bxf6 gxf6 19. a3 Bc5 20. Ne4 Bd4 21. b4 b6 22.
Bf3 Bxc4 23. Ng3 Be5 24. Bxc6 Rac8 25. Bb7 Rb8 26. Bc6 Bb2 27. a4 Rbc8 28. Nf5 Rxd1 29. Rxd1 Kh7 30. Be4 Kh8 31. Nd6 Rc7 32. g3 Bb3 33. Rb1 Rc1+ 34. Rxc1 Bxc1 35. Nc8 Bxa4 36. Nxa7 Bd2 37. Nc8 Bxb4 38. Nxb6 Be8 39. Nd5 Bc5 40. Nxf6 Ba4 41. Ng4 Kg7 42. Ne3 Bd7 43. Kg2 Kf6 44. h3 Be6 45. Kf3 Ke5 46. Bd3 Bxh3 47. Ng4+ Bxg4+ 48. Kxg4 Bxf2 49. Be2 f5+ 50. Kf3 Bd4 51. Bd3 Bc3 52. Ba6 Bd2 53. Bc8 Bg5 54. Bd7 Kf6 55.
Bc8 Ke5 56. Bd7 Bd8 57. Bc8 h5 58. Bd7 Bg5 59. Be8 h4 60. gxh4 Bxh4 61. Bg6 f4 62. Bh5 Bg5 63. Bg4 Bh6 64. Bh3 Bf8 65. Bg4 Bd6 66. Bh3 Kf6 67. Bg4 Kg5 68. Bc8 Kh4 69. Ba6 Kh3 70. Bb5 Kh2 71. Ba6 Kg1 72. Bb7 Kf1 73.
Bc8 Ke1 74. Bd7 Bc7 75. Be8 Kd2 76. Bf7 Kd3 77. Bg8 Kd4 78. Bh7 Ke5 79. Bb1 Bb8 80. Ba2 Kd4 81. Bb1 Kc3 82. Bh7 Ba7 83. Bg6 Be3 84. Bh7 Kd4 85. Bg6 Ke5 86. Bh7 Ke6 87. Bb1 Kf6 88. Ba2 Kg5 89. Bb1 Bc1 90. Ba2 Kf6 91. Bb1 Ke5 92. Ba2 Kd4 93. Bb1 Kc3 94.
Bh7 Kb2 95. Bg8 Ka1 96. Bh7 Be3 97. Bg8 Kb2 98. Bh7 Kc3 99. Bg8 Kd4 100. Bh7 Ke5 101. Bg8 Kd6 102. Ba2 Kc5 103. Bb1 Kd4 104. Bh7 Bg1 105. Bg8 Bf2 106. Bh7 Bh4 107. Bg8 Ke5 108. Bh7 Be7 109. Bb1 Bd6 110. Ba2 Kd4 111. Bb1 Kc3 1/2-1/2

[Event "*** SCC Grand Prix: Titled Tuesday Blitz"]
[Site "Chess.com"]
[Date "2020.06.02"]
[Round "9"]
[White "floplover"]
[Black "amiralfio"]
[Result "1-0"]
[WhiteElo "2226"]
[BlackElo "2367"]
[TimeControl "180+1"]
[EndTime "11:41:49 PDT"]
[Termination "floplover won by resignation"]

1. d4 c5 2. d5 Nf6 3. c4 g6 4. Nc3 Bg7 5. e4 d6 6. Nf3 O-O 7. Bd3 e6 8. O-O exd5 9. exd5 Bg4 10. h3 Bxf3 11. Qxf3 Nbd7 12. Qd1 Re8 13. f4 Nh5 14. Qf3 Bd4+ 15. Kh2 Qh4 16. Bd2 a6 17. Rae1 Re2 18. Rxe2 1-0

[Event "*** SCC Grand Prix: Titled Tuesday Blitz"]
[Site "Chess.com"]
[Date "2020.06.02"]
[Round "9"]
[White "Norival"]
[Black "Godzillator"]
[Result "1-0"]
[WhiteElo "2656"]
[BlackElo "2472"]
[TimeControl "180+1"]
[EndTime "11:41:51 PDT"]
[Termination "Norival won by resignation"]

1. d4 d5 2. Nf3 Nf6 3. c4 c6 4. e3 Bf5 5. Nc3 a6 6. Bd2 h6 7. Rc1 b5 8. cxd5 cxd5 9. a4 b4 10. Na2 a5 11. Ne5 Nfd7 12. Bb5 f6 13. Qh5+ g6 14. Nxg6 1-0

[Event "*** SCC Grand Prix: Titled Tuesday Blitz"]
[Site "Chess.com"]
[Date "2020.06.02"]
[Round "9"]
[White "fischercapa"]
[Black "Twiceblessed"]
[Result "0-1"]
[WhiteElo "2350"]
[BlackElo "2515"]
[TimeControl "180+1"]
[EndTime "11:42:11 PDT"]
[Termination "Twiceblessed won by resignation"]

1. d4 Nf6 2. c4 c5 3. d5 b5 4. a4 b4 5. f3 e6 6. e4 exd5 7. cxd5 d6 8. Bb5+ Bd7 9. Bxd7+ Nbxd7 10. b3 g6 11. Bb2 Bg7 12. Ne2 O-O 13. O-O Re8 14.
Nd2 Nxe4 15. Nxe4 Bxb2 16. Nxd6 Bxa1 17. Nxe8 Qxe8 18. Qxa1 Qxe2 0-1

[Event "*** SCC Grand Prix: Titled Tuesday Blitz"]
[Site "Chess.com"]
[Date "2020.06.02"]
[Round "9"]
[White "ChessBitl"]
[Black "2346PL"]
[Result "0-1"]
[WhiteElo "2326"]
[BlackElo "2452"]
[TimeControl "180+1"]
[EndTime "11:42:16 PDT"]
[Termination "2346PL won by checkmate"]

1. e4 c5 2. Nf3 Nf6 3. Nc3 Nc6 4. d4 d5 5. exd5 Nxd5 6. Bb5 Nxc3 7. Bxc6+ bxc6 8.
bxc3 cxd4 9. cxd4 Ba6 10. Be3 e6 11. Ne5 Bb4+ 12. Bd2 Qxd4 13. Nf3 Qe4+ 14. Qe2 Qxe2# 0-1

[Event "*** SCC Grand Prix: Titled Tuesday Blitz"]
[Site "Chess.com"]
[Date "2020.06.02"]
[Round "9"]
[White "IriBu"]
[Black "PauloFanha"]
[Result "1-0"]
[WhiteElo "2470"]
[BlackElo "1966"]
[TimeControl "180+1"]
[EndTime "11:42:20 PDT"]
[Termination "IriBu won by checkmate"]

1. e4 e6 2. d4 d5 3. Nc3 dxe4 4. Nxe4 Nd7 5. Nf3 Ngf6 6. Bg5 Be7 7. Nxf6+ Nxf6 8. Bd3 c5 9. Qd2 cxd4 10. O-O-O O-O 11. Kb1 h6 12. Bxh6 gxh6 13. Qxh6 Qa5 14. Ng5 Rd8 15.
Bh7+ Kh8 16. Bg6+ Kg8 17. Bxf7# 1-0

[Event "*** SCC Grand Prix: Titled Tuesday Blitz"]
[Site "Chess.com"]
[Date "2020.06.02"]
[Round "9"]
[White "Poghosyan_Suren"]
[Black "FMJoseHerrera"]
[Result "0-1"]
[WhiteElo "2435"]
[BlackElo "2638"]
[TimeControl "180+1"]
[EndTime "11:42:22 PDT"]
[Termination "FMJoseHerrera won by checkmate"]

1. d4 Nf6 2. Nc3 g6 3. e4 Bg7 4. e5 Ng8 5. Bg5 c5 6. dxc5 Bxe5 7. Nf3 Bg7 8. Qd2 Nf6 9. Bh6 O-O 10. h4 Bxh6 11.
Qxh6 Ng4 12. Qg5 h5 13. Bc4 e6 14. Qd2 Na6 15. Bxa6 bxa6 16. O-O Bb7 17. Ng5 Qc7 18. b4 Qh2# 0-1

[Event "*** SCC Grand Prix: Titled Tuesday Blitz"]
[Site "Chess.com"]
[Date "2020.06.02"]
[Round "9"]
[White "Susal_De_Silva"]
[Black "SophieNikoladze"]
[Result "1-0"]
[WhiteElo "2346"]
[BlackElo "2172"]
[TimeControl "180+1"]
[EndTime "11:42:24 PDT"]
[Termination "Susal_De_Silva won by resignation"]

1. e4 d6 2. d4 Nf6 3. Nc3 e5 4.
Nf3 exd4 5. Nxd4 Be7 6. Be3 O-O 7. h3 a6 8. Be2 c5 9. Nf3 b5 10. a3 Bb7 11. Nd2 b4 12. axb4 cxb4 13. Na2 Nxe4 14. Nxb4 Nxd2 15. Qxd2 Bxg2 16. Rg1 Bxh3 17. Bh6 Bf6 18.
Bxg7 Bxg7 19. Qh6 1-0

[Event "*** SCC Grand Prix: Titled Tuesday Blitz"]
[Site "Chess.com"]
[Date "2020.06.02"]
[Round "9"]
[White "ZverevLev"]
[Black "ega2006"]
[Result "0-1"]
[WhiteElo "2229"]
[BlackElo "2368"]
[TimeControl "180+1"]
[EndTime "11:42:30 PDT"]
[Termination "ega2006 won by resignation"]

1. e4 c5 2. Nf3 Nc6 3. d4 cxd4 4. Nxd4 g6 5. Nc3 Bg7 6. Be3 Nf6 7. Bc4 O-O 8. Bb3 d6 9. f3 Bd7 10. Qd2 Nxd4 11. Bxd4 b5 12. h4 a5 13. h5 a4 14.
Bd5 b4 15. hxg6 hxg6 16. g4 bxc3 17. Qh2 Re8 18. Bxf6 exf6 19. Bxa8 Qxa8 20. Qxd6 cxb2 21. Rb1 Bxg4 0-1

[Event "*** SCC Grand Prix: Titled Tuesday Blitz"]
[Site "Chess.com"]
[Date "2020.06.02"]
[Round "9"]
[White "barbara25"]
[Black "awesomevishesh"]
[Result "0-1"]
[WhiteElo "2239"]
[BlackElo "2450"]
[TimeControl "180+1"]
[EndTime "11:42:33 PDT"]
[Termination "awesomevishesh won by resignation"]

1. e4 c5 2. Nf3 d6 3. d4 cxd4 4. Nxd4 Nf6 5. f3 e5 6. Nb3 a5 7. c4 Nxe4 8. fxe4 Qh4+ 9. Kd2 a4 10. Nc3 axb3 11. Qxb3 Nc6 12. Nd5 Qf2+ 13. Kd1 Bg4+ 0-1

[Event "*** SCC Grand Prix: Titled Tuesday Blitz"]
[Site "Chess.com"]
[Date "2020.06.02"]
[Round "9"]
[White "jb2mix"]
[Black "tsvet2005"]
[Result "1-0"]
[WhiteElo "2712"]
[BlackElo "2566"]
[TimeControl "180+1"]
[EndTime "11:42:39 PDT"]
[Termination "jb2mix won by resignation"]

1. e4 c5 2. c3 d5 3. exd5 Qxd5 4. d4 Nf6 5. Nf3 Bg4 6. dxc5 Qxc5 7. Na3 e6 8. h3 Bh5 9. Be3 Qc8 10. g4 Bg6 11. Bg2 Bxa3 12. Qa4+ Nc6 13. Qxa3 Nd5 14. Bd2 Bf5 15. gxf5 1-0

[Event "*** SCC Grand Prix: Titled Tuesday Blitz"]
[Site "Chess.com"]
[Date "2020.06.02"]
[Round "9"]
[White "AlexanderL"]
[Black "econpower"]
[Result "1-0"]
[WhiteElo "2820"]
[BlackElo "2650"]
[TimeControl "180+1"]
[EndTime "11:42:40 PDT"]
[Termination "AlexanderL won by resignation"]

1. Nf3 d6 2. d4 g6 3. c4 Bg7 4. Nc3 Nd7 5. e4 e5 6. Be2 Ne7 7. O-O O-O 8. Be3 c5 9. d5 h6 10.
b4 b6 11. Nb5 Nf6 12. bxc5 bxc5 13. Nd2 a6 14. Nc3 Ne8 15. Rb1 f5 16. f3 f4 17.
Bf2 g5 18. Qb3 Ng6 19. Qb6 Qf6 20. Qc6 1-0

[Event "*** SCC Grand Prix: Titled Tuesday Blitz"]
[Site "Chess.com"]
[Date "2020.06.02"]
[Round "9"]
[White "plumalka"]
[Black "bulletteemo"]
[Result "1-0"]
[WhiteElo "2429"]
[BlackElo "2524"]
[TimeControl "180+1"]
[EndTime "11:42:42 PDT"]
[Termination "plumalka won by resignation"]

1. e4 c5 2. Nf3 Nc6 3. d4 cxd4 4.
Nxd4 Nf6 5. Nc3 d6 6. Bg5 e6 7. Bb5 Bd7 8. Bxc6 bxc6 9. Qf3 Qb6 10. O-O-O Be7 11. Nb3 a5 12. e5 dxe5 13. Bxf6 Bxf6 14. Ne4 Be7 15. Rxd7 Kxd7 16. Qxf7 Rhe8 17. Rd1+ Kc7 18.
Nd6 Red8 19. Qxe7+ Rd7 20. Ne8+ Rxe8 21. Rxd7+ 1-0

[Event "*** SCC Grand Prix: Titled Tuesday Blitz"]
[Site "Chess.com"]
[Date "2020.06.02"]
[Round "9"]
[White "almo64"]
[Black "Rakesh"]
[Result "0-1"]
[WhiteElo "2806"]
[BlackElo "2418"]
[TimeControl "180+1"]
[EndTime "11:42:45 PDT"]
[Termination "Rakesh won by resignation"]

1. e4 c5 2. Nc3 a6 3. d4 cxd4 4. Qxd4 Nc6 5. Qd2 g6 6. b3 Bg7 7.
Bb2 Nf6 8. O-O-O O-O 9. f4 d6 10. Nf3 b5 0-1

[Event "*** SCC Grand Prix: Titled Tuesday Blitz"]
[Site "Chess.com"]
[Date "2020.06.02"]
[Round "9"]
[White "Rish_97"]
[Black "OhanyanEminChess"]
[Result "1-0"]
[WhiteElo "2641"]
[BlackElo "2448"]
[TimeControl "180+1"]
[EndTime "11:42:50 PDT"]
[Termination "Rish_97 won by resignation"]

1. e4 e5 2. Nf3 Nc6 3. Bb5 f5 4. d3 fxe4 5. dxe4 Nf6 6. O-O Bc5 7. Qd3 d6 8. Qc4 Bd7 9. Nc3 Qe7 10. Nd5 Nxd5 11.
exd5 Nd8 12. Bxd7+ Qxd7 13. Nxe5 Bxf2+ 14. Rxf2 dxe5 15. Be3 Nf7 16. Bc5 b6 17. Raf1 Nh6 18.
Rf8+ 1-0

[Event "*** SCC Grand Prix: Titled Tuesday Blitz"]
[Site "Chess.com"]
[Date "2020.06.02"]
[Round "9"]
[White "anon569"]
[Black "biaf13"]
[Result "1-0"]
[WhiteElo "2278"]
[BlackElo "2024"]
[TimeControl "180+1"]
[EndTime "11:42:56 PDT"]
[Termination "anon569 won by resignation"]

1. e4 c5 2. Nf3 d6 3. d4 cxd4 4.
Nxd4 Nf6 5. Nc3 a6 6. Bg5 e6 7. f4 Qc7 8. Qf3 b5 9. a3 Nbd7 10. O-O-O Bb7 11. Bd3 Be7 12. Rhe1 h6 13. Bh4 Nxe4 14. Bxe4 Bxe4 15. Qxe4 d5 16. Nxd5 1-0

[Event "*** SCC Grand Prix: Titled Tuesday Blitz"]
[Site "Chess.com"]
[Date "2020.06.02"]
[Round "9"]
[White "IwkooO"]
[Black "Virgo15"]
[Result "0-1"]
[WhiteElo "2588"]
[BlackElo "2766"]
[TimeControl "180+1"]
[EndTime "11:43:03 PDT"]
[Termination "Virgo15 won by resignation"]

1. e4 e6 2. d4 d5 3. Nd2 c5 4. exd5 Qxd5 5. Ngf3 cxd4 6. Bc4 Qd6 7. O-O Nf6 8. Nb3 Nc6 9. Qe2 Be7 10. Rd1 e5 11. c3 Bg4 12. cxd4 e4 13. d5 Ne5 14.
Bb5+ Kf8 15. Bf4 Nxf3+ 16. Qxf3 exf3 17. Bxd6 Bxd6 0-1

[Event "*** SCC Grand Prix: Titled Tuesday Blitz"]
[Site "Chess.com"]
[Date "2020.06.02"]
[Round "9"]
[White "PotapovaM"]
[Black "WeAintSurePal"]
[Result "1/2-1/2"]
[WhiteElo "2446"]
[BlackElo "2275"]
[TimeControl "180+1"]
[EndTime "11:43:09 PDT"]
[Termination "Game drawn by agreement"]

1. d4 c6 2. c4 d5 3. Nf3 Nf6 4. g3 g6 5. Bg2 Bg7 6. O-O O-O 7. b3 c5 8. Bb2 Ne4 9. Nbd2 Nxd2 10. Qxd2 dxc4 11.
bxc4 cxd4 12. Nxd4 Nc6 13. Rfd1 Nxd4 14. Bxd4 Qxd4 15.
Qxd4 Bxd4 16. Rxd4 Rb8 17. Rb1 b6 18. c5 bxc5 19.
Rxb8 cxd4 20. Ra8 a6 21. Be4 Kg7 22. Bd3 1/2-1/2

[Event "*** SCC Grand Prix: Titled Tuesday Blitz"]
[Site "Chess.com"]
[Date "2020.06.02"]
[Round "9"]
[White "Sanroto99"]
[Black "rynos0411"]
[Result "1/2-1/2"]
[WhiteElo "2328"]
[BlackElo "2430"]
[TimeControl "180+1"]
[EndTime "11:43:11 PDT"]
[Termination "Game drawn by repetition"]

1. d4 Nf6 2. c4 e6 3. Nc3 d5 4. Nf3 Bb4 5. Qc2 O-O 6. Bg5 h6 7. Bh4 b6 8. e3 Bb7 9. Be2 Nbd7 10.
cxd5 exd5 11. a3 Be7 12. O-O Rc8 13. Rac1 c5 14. Rfd1 Ne4 15. Bxe7 Qxe7 16. dxc5 Nxc3 17. Qxc3 Nxc5 18. Qb4 Qf6 19. Qd4 Qe7 20. Qb4 Qf6 21. Qd4 Qe7 22. Qb4 1/2-1/2

[Event "*** SCC Grand Prix: Titled Tuesday Blitz"]
[Site "Chess.com"]
[Date "2020.06.02"]
[Round "9"]
[White "bratkoo"]
[Black "tteshan"]
[Result "1-0"]
[WhiteElo "2380"]
[BlackElo "2230"]
[TimeControl "180+1"]
[EndTime "11:43:13 PDT"]
[Termination "bratkoo won by resignation"]

1. e4 c5 2. Nf3 d6 3. d4 cxd4 4. Nxd4 Nf6 5. Nc3 a6 6. h3 e6 7. Be3 Be7 8. Qd2 O-O 9. O-O-O Qc7 10. g4 b5 11. g5 Nfd7 12. h4 Bb7 13. Bh3 b4 14.
Nce2 Bxe4 15. f3 Bb7 16. h5 Nc6 17. g6 Nxd4 18. Nxd4 Nc5 19. gxf7+ Rxf7 20. Nxe6 Qa5 21. Nxc5 dxc5 22. Be6 Rf8 23. Qd7 Bxf3 24. Qxe7 Bxd1 25. Bxc5 Qd8 26. Bxf7+ Kh8 27. Qxf8+ Qxf8 28. Bxf8 1-0

[Event "*** SCC Grand Prix: Titled Tuesday Blitz"]
[Site "Chess.com"]
[Date "2020.06.02"]
[Round "9"]
[White "GMartin_Petrov"]
[Black "GMHess"]
[Result "1-0"]
[WhiteElo "2577"]
[BlackElo "2712"]
[TimeControl "180+1"]
[EndTime "11:43:17 PDT"]
[Termination "GMartin_Petrov won by resignation"]

1. e4 g6 2. d4 Bg7 3. Nc3 c6 4. h4 h5 5. Be3 b5 6. a4 b4 7. Nce2 a5 8. Nh3 Ba6 9. Qd2 d5 10. Ng5 Nd7 11. e5 e6 12. Nf4 Bxf1 13. Kxf1 Nh6 14.
Nfxe6 fxe6 15. Nxe6 Qe7 16. Nc7+ Kf7 17. Bg5 Qf8 18.
e6+ Kg8 19. exd7 Qd6 20. Nxa8 1-0

[Event "*** SCC Grand Prix: Titled Tuesday Blitz"]
[Site "Chess.com"]
[Date "2020.06.02"]
[Round "9"]
[White "JSMastropiero"]
[Black "tsaruk_maks"]
[Result "1-0"]
[WhiteElo "2449"]
[BlackElo "2588"]
[TimeControl "180+1"]
[EndTime "11:43:18 PDT"]
[Termination "JSMastropiero won by resignation"]

1. e4 e6 2. d3 d5 3. Nd2 c5 4.
Ngf3 g6 5. g3 Bg7 6. Bg2 Ne7 7.
O-O Nbc6 8. Re1 O-O 9. c3 a6 10. e5 b5 11. Nf1 b4 12. h4 bxc3 13. bxc3 Qa5 14. Bd2 Bb7 15. N1h2 Qc7 16. Ng4 a5 17. Bg5 Nb8 18. Bf6 Nec6 19. Bxg7 Kxg7 20. Qd2 f5 21.
exf6+ Kh8 22. Qh6 Nd7 23. Rxe6 Nb6 24. Re7 1-0

[Event "*** SCC Grand Prix: Titled Tuesday Blitz"]
[Site "Chess.com"]
[Date "2020.06.02"]
[Round "9"]
[White "Drags95"]
[Black "maximnovik"]
[Result "0-1"]
[WhiteElo "2642"]
[BlackElo "2499"]
[TimeControl "180+1"]
[EndTime "11:43:21 PDT"]
[Termination "maximnovik won by resignation"]

1. e4 c6 2. Nf3 d5 3. d3 Bg4 4. Nbd2 Nf6 5. e5 Nfd7 6. d4 e6 7. h3 Bh5 8. Be2 c5 9. c3 Nc6 10. O-O cxd4 11. cxd4 Be7 12. Nb3 O-O 13. Be3 Nb6 14.
Rc1 Rc8 15. a3 Bxf3 16. Bxf3 Nc4 17. Qe2 Qb6 18. Rc3 a5 19. Rb1 a4 20. Nc5 Nxd4 21.
Bxd4 Bxc5 0-1

[Event "*** SCC Grand Prix: Titled Tuesday Blitz"]
[Site "Chess.com"]
[Date "2020.06.02"]
[Round "9"]
[White "krasavetc"]
[Black "shineatchess"]
[Result "0-1"]
[WhiteElo "2221"]
[BlackElo "2222"]
[TimeControl "180+1"]
[EndTime "11:43:21 PDT"]
[Termination "shineatchess won by resignation"]

1. e4 e5 2. Nf3 Nc6 3. Bc4 Nf6 4. d4 exd4 5. Ng5 Ne5 6. Qxd4 Nxc4 7. Qxc4 d5 8. exd5 Qxd5 9. Qxd5 Nxd5 10. O-O Be7 11. c4 Nb4 12. Na3 O-O 13. Nb5 c6 14. Nc7 Rb8 15. Bf4 Nd3 16. Nce6 Nxf4 17. Nxf8 Bxg5 0-1

[Event "*** SCC Grand Prix: Titled Tuesday Blitz"]
[Site "Chess.com"]
[Date "2020.06.02"]
[Round "9"]
[White "ditkin25"]
[Black "Mimsychess"]
[Result "1-0"]
[WhiteElo "2418"]
[BlackElo "2248"]
[TimeControl "180+1"]
[EndTime "11:43:22 PDT"]
[Termination "ditkin25 won by checkmate"]

1. e4 c5 2. Nf3 e6 3. Nc3 a6 4. d4 cxd4 5. Nxd4 d6 6. Be2 Nf6 7.
O-O Be7 8. f4 O-O 9. Kh1 Nc6 10.
Be3 Bd7 11. a4 Re8 12. Nb3 b6 13. Bf3 Qc7 14. Qe1 Rab8 15. Qg3 Nb4 16. e5 dxe5 17. fxe5 Nfd5 18. Nxd5 exd5 19. e6 Qxg3 20. exf7+ Kxf7 21. Bxd5+ Kg6 22. Bf7# 1-0

[Event "*** SCC Grand Prix: Titled Tuesday Blitz"]
[Site "Chess.com"]
[Date "2020.06.02"]
[Round "9"]
[White "Tormoz"]
[Black "TigranMukhutdinov"]
[Result "1-0"]
[WhiteElo "2649"]
[BlackElo "2460"]
[TimeControl "180+1"]
[EndTime "11:43:25 PDT"]
[Termination "Tormoz won by resignation"]

1. e4 c5 2. c3 Nf6 3. e5 Nd5 4. Nf3 Nc6 5. Bc4 Nb6 6. Bb3 c4 7. Bc2 d5 8. exd6 Qxd6 9. O-O Bg4 10. Qe2 O-O-O 11. Na3 Qe6 12. Qxe6+ Bxe6 13. b3 Bd5 14. Re1 Bxf3 15. gxf3 cxb3 16. axb3 e6 17. d4 Nd5 18.
Bd2 a6 19. Be4 g6 20. Nc2 h5 21. b4 Bh6 22. Bxh6 Rxh6 23. Ra3 Kc7 24. Rb1 Rhh8 25.
Ne3 f5 26. Bxd5 exd5 27. b5 f4 28. bxc6 fxe3 29. Rxb7+ Kxc6 30. Rab3 exf2+ 31. Kxf2 1-0

[Event "*** SCC Grand Prix: Titled Tuesday Blitz"]
[Site "Chess.com"]
[Date "2020.06.02"]
[Round "9"]
[White "Makswolf200817"]
[Black "Natalya_Buksa"]
[Result "1/2-1/2"]
[WhiteElo "2406"]
[BlackElo "2560"]
[TimeControl "180+1"]
[EndTime "11:43:26 PDT"]
[Termination "Game drawn by repetition"]

1. Nf3 d5 2. e3 e6 3. c4 Nf6 4.
b3 Be7 5. Bb2 O-O 6. Nc3 c5 7.
cxd5 exd5 8. d4 Nc6 9. Be2 cxd4 10. Nxd4 Bb4 11. O-O Ne4 12. Nxe4 dxe4 13. Nxc6 bxc6 14. Rc1 Bb7 15. Qc2 Qe7 16. Rfd1 Rad8 17. h3 h6 18. Qc4 a5 19. Bg4 Bd2 20. Rc2 Bb4 21. Rcc1 Bd2 22. Rc2 Bb4 23. Rcc1 1/2-1/2

[Event "*** SCC Grand Prix: Titled Tuesday Blitz"]
[Site "Chess.com"]
[Date "2020.06.02"]
[Round "9"]
[White "MartinMatthiesen"]
[Black "MightyGMpretender"]
[Result "0-1"]
[WhiteElo "2353"]
[BlackElo "2565"]
[TimeControl "180+1"]
[EndTime "11:43:39 PDT"]
[Termination "MightyGMpretender won by checkmate"]

1. d4 Nf6 2. c4 e6 3. Nf3 d5 4.
Nc3 c6 5. e3 Nbd7 6. Bd3 dxc4 7. Bxc4 b5 8. Bd3 Bb7 9. O-O a6 10. e4 c5 11. d5 c4 12. Bc2 Qc7 13. Nd4 O-O-O 14. dxe6 Ne5 15. exf7 Bc5 16. Be3 Neg4 17. g3 Qxf7 18. Qd2 Qh5 19. h4 g5 20. e5 gxh4 21.
exf6 hxg3 22. fxg3 Qh1# 0-1